 Dungeon Crawl Stone Soup version 0.29-a0-817-g9904bce7a6 (webtiles) character file.

Game seed: 14668728604945819824

62 indigestion the Shield-Bearer (level 3, -1/31 HPs)
             Began as a Demigod Fighter on July 5, 2022.
             Slain by Terence
             ... wielding a +0 flail
              (8 damage)
             ... on level 2 of the Dungeon.
             The game lasted 00:02:43 (1933 turns).

indigestion the Shield-Bearer (Demigod Fighter)     Turns: 1933, Time: 00:02:44

Health: -1/31      AC:  7    Str: 21    XL:     3   Next: 60%
Magic:  5/5        EV:  9    Int: 10    God:
Gold:   80         SH:  4    Dex: 13    Spells: 2/2 levels left

rFire   . . .      SeeInvis .   a - +0 war axe
rCold   . . .      Faith    .   c - +0 buckler
rNeg    . . .      Spirit   .   b - +0 scale mail
rPois   .          Reflect  .   (no helmet)
rElec   .          Harm     .   p - +0 cloak
rCorr   .          Rampage  .   (no gloves)
Will    .....                   (no boots)
Stlth   ..........              (no amulet)
HPRegen 0.10/turn               (no ring)
MPRegen 0.09/turn               (no ring)

@: no status effects
A: high MP 1, forlorn, divine attributes
a: no special abilities


You were on level 2 of the Dungeon.
You visited 1 branch of the dungeon, and saw 2 of its levels.

You collected 80 gold pieces.

Inventory:

Hand Weapons
 a - a +0 war axe (weapon)
Armour
 b - a +0 scale mail (worn)
 c - a +0 buckler (worn)
 p - a +0 cloak (worn)
Magical Staves
 h - a staff of fire
Jewellery
 n - an amulet of magic regeneration
Scrolls
 e - 2 scrolls of immolation
 f - 2 scrolls of identify
 i - a scroll of fog {unknown}
 j - a scroll of summoning {unknown}
 m - a scroll of enchant armour {unknown}
 q - a scroll of teleportation {unknown}
Potions
 d - a potion of might
 k - a potion of invisibility {unknown}
 l - a potion of attraction {unknown}
 o - a potion of curing {unknown}


   Skills:
 + Level 3.1 Fighting
 + Level 2.4 Axes
 + Level 3.1 Armour
 + Level 3.2 Shields


You had 2 spell levels left.
You didn't know any spells.
Your spell library was empty.

Dungeon Overview and Level Annotations

Branches:
Dungeon (2/15)

Annotations:
D:2 Terence


Innate Abilities, Weirdness & Mutations

You have an increased reservoir of magic. (+10% MP)
You shall have no god before yourself.
Your divine heritage dramatically boosts your attributes as you level up.


Message History

Okay, then.
As you read the scroll labelled DUFID OJUD, it crumbles to dust.
It is a scroll of identify.
g - 2 potions of degeneration You drop 2 potions of degeneration.
As you read the scroll of identify, it crumbles to dust.
e - 2 scrolls of immolation No target in view!
No target in view!
You open the door.
Terence is nearby!
You hit Terence but do no damage. Terence hits you with a +0 flail.
You hit Terence.
Terence is lightly wounded.
Terence hits you with a +0 flail. Terence barely misses you.
You closely miss Terence.
Terence is lightly wounded.
Terence hits you but does no damage.
You slash Terence!
Terence is almost dead.
Terence misses you. You block Terence's attack.
You barely miss Terence.
Terence is almost dead.
Terence hits you with a +0 flail!
You are too injured to fight recklessly!
You are too injured to fight recklessly!
You are too injured to fight recklessly!
You hit Terence but do no damage.
Terence is almost dead.
Terence closely misses you.
You hit Terence but do no damage.
Terence is almost dead.
Terence misses you. Terence looks scornfully at you.
Terence hits you with a +0 flail!
* * * LOW HITPOINT WARNING * * *
You barely miss Terence.
Terence is almost dead.
Terence hits you with a +0 flail!
You die...

#.#.#.......
#.#.#....... .
#.#.#....... ..
#.#.#....... ...
#.#)#....... ....
..#.#....... .....
#.#.......
......#########.#.......
......@@........##....##
......######.....)....##
..... #..........)......
.... ##..............##
..# #.........(...## .
#.............#
#.............#
#.............#
#....#####....#


You could see Terence.

Vanquished Creatures
  2 adders (D:2)
  2 dart slugs
  6 endoplasms
  A giant cockroach (D:1)
  4 goblins
  4 hobgoblins
  2 jackals (D:1)
  3 quokkas (D:1)
  4 ball pythons
  4 bats
  3 frilled lizards (D:1)
  4 kobolds
39 creatures vanquished.

Notes
Turn   | Place    | Note
-------+----------+-------------------------------------------
     0 | D:1      | indigestion the Demigod Fighter began the quest for the
                  | Orb.
     0 | D:1      | Reached XP level 1. HP: 18/18 MP: 3/3
   329 | D:1      | Reached XP level 2. HP: 25/25 MP: 4/4
  1138 | D:2      | Reached XP level 3. HP: 31/31 MP: 5/5
  1920 | D:2      | Noticed Terence
  1933 | D:2      | Slain by Terence

Illustrated notes

Levels and vault maps discovered:
D:1:      dpeg_arrival_arbitrary_a, layout_rooms
D:2:      layout_basic, shapermc_ecumenical_altar_petra, uniq_terence

Skill      XL: |  1  2 |
---------------+-------+-----
Axes           | 2 |  2.4
Shields        | 3 |  3.2
Fighting       | 3 |  3.1
Armour         | 3 |  3.1

Action                   || total
-------------------------++-------
Melee: War axe           ||   139
  Use: Scroll            ||     2
Armor: Scale mail        ||    87
Dodge: Dodged            ||    95
Block: Buckler           ||    37

Table legend: (Time is in decaauts)
 A = Elapsed time spent in this place.
 B = Non-inter-level travel time spent in this place.
 C = Inter-level travel time spent in this place.
 D = Time resting spent in this place.
 E = Time spent auto-exploring this place.
 F = Levels seen in this place.
 G = Mean time per level.
                   A        B        C        D        E       F      G
               +--------+--------+--------+--------+--------+-----+--------+
         Total |   1993 |   1923 |     70 |    147 |   1426 |   2 |  996.5 |
       Dungeon |   1993 |   1923 |     70 |    147 |   1426 |   2 |  996.5 |
               +--------+--------+--------+--------+--------+-----+--------+

Top non-repeatable levels by time:
     D:1: 1145 daAuts
     D:2: 847 daAuts
